 Dungeon Crawl Stone Soup version 0.22.1-2-g9c5b331 (webtiles) character file.

60 MalarOregon the Insei (level 4, -2/33 HPs)
             Began as a Merfolk Transmuter on Nov 21, 2018.
             Slain by a gnoll
             ... wielding a +0 halberd
              (12 damage)
             ... on level 2 of the Dungeon.
             The game lasted 00:02:27 (1273 turns).

MalarOregon the Insei (Merfolk Transmuter)          Turns: 1273, Time: 00:02:28

Health: -2/33      AC:  2    Str: 10    XL:     4   Next: 6%
Magic:  6/7        EV: 13    Int: 13    God:
Gold:   36         SH:  0    Dex: 14    Spells: 6/7 levels left

rFire    . . .     SeeInvis .     - Unarmed
rCold    . . .     Gourm    .   (no shield)
rNeg     . . .     Faith    .   b - +0 robe
rPois    .         Spirit   .   (no helmet)
rElec    .         Reflect  .   (no cloak)
rCorr    .         Harm     .   (no gloves)
MR       .....                  (no boots)
Stlth    +.........             (no amulet)
HPRegen  0.11/turn              (no ring)
MPRegen  0.10/turn              (no ring)

@: appendage
A: change form in water, swift swim, stealthy swim, horns 2
a: End Transformation


You were on level 2 of the Dungeon.
You were not hungry.
You had grown temporary horns.
You visited 1 branch of the dungeon, and saw 2 of its levels.

You collected 36 gold pieces.

Inventory:

Missiles
 a - 30 arrows
Armour
 b - a +0 robe (worn)
Jewellery
 f - an uncursed ring of wizardry {unknown}
   (You found it on level 1 of the Dungeon)
 h - a cursed -2 ring of evasion {unknown}
   (You found it on level 1 of the Dungeon)
Scrolls
 d - 2 scrolls of remove curse {unknown}
 g - 2 scrolls of amnesia {unknown}
Comestibles
 c - 3 chunks of flesh
 e - 3 rations {!d}


   Skills:
 + Level 2.0 Fighting
 + Level 3.4 Dodging
 + Level 3.7 Unarmed Combat
 + Level 2.4 Spellcasting
 + Level 3.4 Transmutations


You had 6 spell levels left.
You knew the following spells:

 Your Spells              Type           Power        Failure   Level  Hunger
a - Beastly Appendage     Tmut           ##....       6%          1    #......

Your spell library contained the following spells:

 Spells                   Type           Power        Failure   Level  Hunger
 Sticks to Snakes         Tmut           ##......     9%          2    ###....
 Spider Form              Tmut/Pois      #.........   34%         3    ###....
 Ice Form                 Ice/Tmut       #.......     75%         4    #####..
 Blade Hands              Tmut           ##........   86%         5    ######.


Dungeon Overview and Level Annotations

Branches:
Dungeon (2/15)

Altars:


Innate Abilities, Weirdness & Mutations

You revert to your normal form in water.
You are very nimble and swift while swimming.
You are very stealthy in the water. (Stealth+)
You have a pair of horns on your head.


Message History

You barely miss the bat.
The gnoll shouts!
You headbutt the bat.
You kill the bat!
A gnoll comes into view. It is wielding a halberd.
Your transformation is almost over.
Your horns disappear.
Some of the chunks of flesh in your inventory have rotted away.
There is a stone staircase leading up here.
You grow a pair of large bovine horns.
You hit the gnoll. Your headbutt misses the gnoll.
The gnoll hits you with a whip.
You hit the gnoll. You headbutt the gnoll.
You kill the gnoll!
You hit the gnoll. The gnoll hits you.
You closely miss the gnoll. You headbutt the gnoll.
Your punch misses the gnoll.
Your transformation is almost over.
The gnoll barely misses you.
You hit the gnoll. You headbutt the gnoll. The gnoll hits you.
You hit the gnoll.
You kill the gnoll!
Your Fighting skill increases to level 2!
You have reached level 4!
You now have 36 gold pieces (gained 3).
Things that are here:
a whip; a gnoll corpse You are feeling hungry.
You butcher the gnoll corpse.
c - 8 chunks of flesh (gained 2)
You see here a whip.
There is a stone staircase leading up here.
There isn't anything here!
There isn't anything here!
There isn't anything here!
Some of the chunks of flesh in your inventory have rotted away.
There is a stone staircase leading up here.
You start resting.
Eating one of 4 chunks of flesh.
You eat one of the 4 chunks of flesh.
Your horns disappear.
The gnoll is too close now for your liking.
You grow a pair of large bovine horns.
The gnoll shouts!
You see here a whip.
You hit the gnoll. The gnoll completely misses you.
You barely miss the gnoll. The gnoll misses you.
You barely miss the gnoll. The gnoll hits you with a halberd!
* * * LOW HITPOINT WARNING * * *
The gnoll hits you from afar with a halberd!
You die...

#.# #.# #. #.# #.# #.
#.# #.# #. #.# #.# #.
###.###.###.########g
...........รท......##.
######.###.########.
###########.# #.# #.
........@)g.# #.#
#####. #############
#g####.....
#....g.....
#.########. #.# #. ###
##


You could see a gnoll.

Vanquished Creatures
  2 gnolls (D:2)
  A dart slug (D:1)
  A leopard gecko (D:1)
  3 giant cockroaches (D:1)
  3 goblins (D:1)
  5 hobgoblins (D:1)
  6 kobolds (D:1)
  7 bats
  2 frilled lizards (D:1)
  8 rats
38 creatures vanquished.

Notes
Turn   | Place    | Note
-------+----------+-------------------------------------------
     0 | D:1      | MalarOregon the Merfolk Transmuter began the quest for the
                  | Orb.
     0 | D:1      | Reached XP level 1. HP: 15/15 MP: 3/3
   200 | D:1      | Reached XP level 2. HP: 20/21 MP: 3/5
   514 | D:1      | Reached XP level 3. HP: 13/27 MP: 4/6
  1254 | D:2      | Reached XP level 4. HP: 18/33 MP: 5/7
  1273 | D:2      | Slain by a gnoll

Skill      XL: |  1  2  3 |
---------------+----------+-----
Dodging        | 3 |  3.4
Transmutations | 3 |  3.4
Fighting       | 2 |  2.0
Unarmed Combat | |  3.7
Spellcasting   | |  2.4

Action                   |  1- 3 |  4- 6 || total
-------------------------+-------+-------++-------
Melee: Unarmed           |   118 |     3 ||   121
       Headbutt          |    13 |       ||    13
       Punch             |     1 |       ||     1
 Cast: Beastly Appendage |    13 |     1 ||    14
  Use: Scroll            |     1 |       ||     1
 Stab: Sleeping          |     1 |       ||     1
  Eat: Chunk             |     1 |     1 ||     2
Armor: Robe              |    32 |       ||    32
Dodge: Dodged            |    86 |     2 ||    88
